 Dungeon Crawl Stone Soup version 0.24-a0-513-g284f782df5 (webtiles) character file.

Game seed: 18021244892015200324

497 Azzok the Magician (level 6, -1/35 HPs)
             Began as a Deep Elf Fire Elementalist on July 20, 2019.
             Slain by a howler monkey (5 damage)
             ... on level 5 of the Dungeon.
             The game lasted 00:06:54 (5350 turns).

Azzok the Magician (Deep Elf Fire Elementalist)     Turns: 5350, Time: 00:06:54

Health: -1/35      AC:  5    Str:  5    XL:     6   Next: 93%
Magic:  15/16      EV: 13    Int: 22    God:
Gold:   196        SH:  0    Dex: 15    Spells: 3/16 levels left

rFire    . . .     SeeInvis .   u - +1 morningstar (holy)
rCold    . . .     Gourm    .   (no shield)
rNeg     . . .     Faith    .   a - +0 robe
rPois    .         Spirit   .   o - +0 helmet
rElec    .         Reflect  .   (no cloak)
rCorr    .         Harm     .   k - +0 pair of gloves
MR       .....                  b - +0 pair of boots
Stlth    ++........             (no amulet)
HPRegen  0.11/turn              (no ring)
MPRegen  0.15/turn              (no ring)

@: no status effects
A: no striking features
a: no special abilities


You were on level 5 of the Dungeon.
You were not hungry.

You visited 1 branch of the dungeon, and saw 5 of its levels.

You collected 196 gold pieces.

Inventory:

Hand Weapons
 l - a +3 short sword of freezing
 u - a +1 morningstar of holy wrath (weapon)
Armour
 a - a +0 robe (worn)
 b - a +0 pair of boots (worn)
 k - a +0 pair of gloves (worn)
 o - a +0 helmet (worn)
Jewellery
 f - an uncursed ring of ice
 i - an uncursed ring of magical power {unknown}
Scrolls
 d - a scroll of random uselessness {unknown}
 e - 4 scrolls of identify {unknown}
 p - 3 scrolls of amnesia {unknown}
 q - 2 scrolls of remove curse {unknown}
 r - a scroll of magic mapping {unknown}
 s - a scroll of enchant weapon {unknown}
Potions
 g - a potion of might {unknown}
 h - a potion of agility {unknown}
 j - a potion of curing {unknown}
 m - 2 potions of heal wounds {unknown}
 n - 2 potions of ambrosia {unknown}
 t - a potion of magic {unknown}
 v - a potion of lignification {unknown}
Comestibles
 c - 5 rations


   Skills:
 - Level 2.0 Fighting
 + Level 2.4 Dodging
 - Level 2.4 Stealth
 + Level 5.8 Spellcasting
 + Level 4.2 Conjurations
 + Level 5.4 Fire Magic


You had 3 spell levels left.
You knew the following spells:

 Your Spells              Type           Power        Failure   Level  Hunger
a - Flame Tongue          Conj/Fire      ####.        1%          1    None
b - Conjure Flame         Conj/Fire      ####....     3%          3    ##.....
c - Sticky Flame          Conj/Fire      ####....     13%         4    ####...
d - Fireball              Conj/Fire      ####......   34%         5    #####..

Your spell library contained the following spells:

 Spells                   Type           Power        Failure   Level  Hunger
 Throw Flame              Conj/Fire      ####..       1%          2    None
 Inner Flame              Hex/Fire       ###.....     10%         3    ##.....


Dungeon Overview and Level Annotations

Branches:
Dungeon (5/15)
 Temple: D:4-7

Altars:
Wu Jian
Yredelemnul

Shops:
D:4 (

Annotations:
D:3 1 runed translucent door
D:5 Ijyb


Message History

Aiming: Flame Tongue (safe; 1% risk of failure)
Press: ? - help, Shift-Dir - straight line, f/p - howler monkey
Aim: a howler monkey (heavily wounded)
The flame tongue misses the howler monkey.
The centaur shoots an arrow.
The arrow hits you!
* * * LOW HITPOINT WARNING * * *
A scorpion comes into view.
The centaur shoots an arrow.
The arrow barely misses you.
The howler monkey hoots and howls with incredible vigour!
You hear a shout! x2; You hear an angry hiss.
You hear a shout!
You hear an angry hiss.
You hear a shout! x2
The centaur shoots an arrow.
The arrow hits you!
* * * LOW HITPOINT WARNING * * *
You see here an arrow.
The centaur shoots an arrow.
The arrow closely misses you.
You see here an arrow.
There is a stone staircase leading up here.
The howler monkey hoots and howls with incredible vigour!
The howler monkey hits you.
You die...

▒▒▒▒▒▒
▒▒····▒▒▒╬▒▒▒
▒·········(·▒
▒···········▒
▒···(·(c···▒ ▒
▒···$▒▒h··▒▒
····▒▒gc··▒▒@··▒
·······(·········▒
·················▒
·················╬
····▒▒····▒▒···▒▒▒
▒··· ▒····▒▒▒▒▒▒
▒·· ▒····▒ ╬·
·····▒ ·····▒


You could see a centaur and a howler monkey.

Vanquished Creatures
  A howler monkey (D:4)
  A bullfrog skeleton (D:4)
  2 orc priests
  A gnoll shaman (D:4)
  Terence (D:2)
  4 orc wizards
  A worker ant (D:4)
  A hound skeleton (D:4)
  Robin (D:3)
  6 adders
  An ooze (D:4)
  5 worms
  A leopard gecko (D:3)
  9 orcs
  5 bats
  6 giant cockroaches
  14 goblins
  11 hobgoblins
  7 jackals
  5 frilled lizards
  A jackal skeleton (D:3)
  6 kobolds
  2 kobold zombies (D:3)
  A quokka skeleton (D:3)
  A quokka zombie (D:4)
  4 rats (D:1)
98 creatures vanquished.

Notes
Turn   | Place    | Note
-------+----------+-------------------------------------------
     0 | D:1      | Azzok the Deep Elf Fire Elementalist began the quest for
                  | the Orb.
     0 | D:1      | Reached XP level 1. HP: 10/10 MP: 6/6
   337 | D:1      | Reached XP level 2. HP: 13/15 MP: 6/8
  1385 | D:2      | Reached XP level 3. HP: 2/19 MP: 1/10
  1993 | D:2      | Noticed Terence
  2018 | D:2      | Learned a level 3 spell: Conjure Flame
  2186 | D:3      | Found a runed translucent door.
  2186 | D:3      | Noticed a human
  2187 | D:3      | Found a basalt altar of Yredelemnul.
  2374 | D:3      | Noticed Robin
  2492 | D:3      | Killed Robin
  2492 | D:3      | Reached XP level 4. HP: 7/24 MP: 3/12
  2499 | D:3      | Learned a level 4 spell: Sticky Flame
  2768 | D:2      | Killed Terence
  3578 | D:3      | Reached XP level 5. HP: 20/28 MP: 4/14
  4206 | D:4      | Reached skill level 1 in Fighting
  4206 | D:4      | Reached skill level 5 in Spellcasting
  4285 | D:4      | Reached XP level 6. HP: 11/34 MP: 4/15
  4493 | D:3      | Learned a level 5 spell: Fireball
  4497 | D:3      | Reached skill level 5 in Fire Magic
  4868 | D:4      | Found an ornate altar of the Wu Jian Council.
  4941 | D:4      | Found Uvexto's Weapon Boutique.
  5249 | D:5      | Entered Level 5 of the Dungeon
  5341 | D:5      | Noticed Ijyb
  5350 | D:5      | Slain by a howler monkey

Levels and vault maps discovered:
D:1:      eino_arrival_cavern_b, layout_basic, minmay_misc_feat_ornament,
          roderic_roman_lattice
D:2:      layout_basic, minmay_tripent, uniq_terence
D:3:      layout_loops_ring, dk_yredelemnul_ordeal, uniq_robin
D:4:      layout_rooms, kennysheep_little_box, serial_curves, eino_curves_03,
          eino_curves_01, serial_shops, shop
D:5:      layout_gridville, first_ration, minmay_mini_ossuary, uniq_ijyb

Skill      XL: |  1  2  3  4  5  6 |
---------------+-------------------+-----
Conjurations   | 2 3 4 |  4.2
Fire Magic     | 4 5 |  5.4
Spellcasting   | 4 5 |  5.8
Fighting       | 1 2 |  2.0
Dodging        | |  2.4
Stealth        | |  2.4

Action                   |  1- 3 |  4- 6 || total
-------------------------+-------+-------++-------
Melee: Unarmed           |    10 |       ||    10
 Cast: Flame Tongue      |    93 |   115 ||   208
       Conjure Flame     |     1 |       ||     1
       Sticky Flame      |       |     8 ||     8
  Eat: Chunk             |     5 |    10 ||    15
Armor: Robe              |     8 |    10 ||    18
Dodge: Dodged            |    38 |    46 ||    84

Table legend:
 A = Non-vault XP
 B = Vault XP
 C = Vault XP percentage of total XP
 D = Non-vault monster count
 E = Vault monster count
 F = Vault count percentage of total count
                 A         B        C        D         E       F
            +---------+---------+-------+---------+---------+-------
      Total |     636 |      75 |  10.5 |      82 |      16 |  16.3
            +---------+---------+-------+---------+---------+-------
        D:1 |      36 |       0 |   0.0 |      22 |       0 |   0.0
        D:2 |      47 |      43 |  47.8 |      12 |       5 |  29.4
        D:3 |     157 |      32 |  16.9 |      29 |      11 |  27.5
        D:4 |     396 |       0 |   0.0 |      19 |       0 |   0.0
            +---------+---------+-------+---------+---------+-------
